 Dungeon Crawl Stone Soup version 0.21.1-1-g345015f (webtiles) character file.

674 zishaf the Poker (level 7, -8/61 HPs)
             Began as a Hill Orc Monk on May 13, 2018.
             Mangled by a steam dragon (10 damage)
             ... on level 5 of the Dungeon.
             The game lasted 00:14:06 (5159 turns).

zishaf the Poker (Hill Orc Monk)                    Turns: 5159, Time: 00:14:06

Health: -8/61      AC: 18    Str: 16    XL:     7   Next: 59%
Magic:  7/7        EV: 17    Int: 10    God:
Gold:   226        SH:  5    Dex: 18    Spells: 6/6 levels left

rFire    + . .     SeeInvis .   a - +0 spear
rCold    . . .     Gourm    .   m - +0 buckler {rN+}
rNeg     + . .     Faith    .   v - +0 ring mail (curse)
rPois    .         Spirit   .   (no helmet)
rElec    .         Reflect  .   p - +0 cloak
rCorr    .         Harm     .   (no gloves)
MR       .....                  x - +0 pair of boots
Stlth    ++........             e - amulet of magic regeneration
HPRegen  0.20/turn              w - ring of Robustness {AC+8}
MPRegen  0.35/turn              (no ring)

@: agile, hasted, very quick
A: icy blue scales 1, fire resistance 1, evolution 1
a: no special abilities


You were on level 5 of the Dungeon.
You were hungry.

You visited 1 branch of the dungeon, and saw 5 of its levels.

You collected 226 gold pieces.

Inventory:

Hand Weapons
 a - a +0 spear (weapon)
Missiles
 i - 27 poisoned needles
Armour
 b - a +0 robe
 h - a +0 leather armour
 l - a +0 buckler
 m - a +0 buckler of positive energy (worn)
 p - a +0 cloak (worn)
 v - a cursed +0 ring mail (worn)
 x - a +0 pair of boots (worn)
Jewellery
 e - an amulet of magic regeneration (around neck)
 w - the ring of Robustness (left hand) {AC+8}
   (You found it on level 5 of the Dungeon)

   [ring of protection]

   It affects your AC (+8).
Scrolls
 g - a scroll of noise {unknown}
 j - a scroll of immolation {unknown}
 k - 2 scrolls of teleportation {unknown}
 n - 4 scrolls of remove curse
 r - a scroll of blinking {unknown}
 s - a scroll of enchant armour {unknown}
 y - a scroll of identify
Potions
 d - 2 potions of curing {unknown}
 t - a potion of flight {unknown}
 z - 2 potions of mutation
Books
 q - a book of Minor Magic

   Spells                             Type                      Level
   a - Magic Dart                     Conjuration                  1
   b - Blink                          Translocation                2
   c - Call Imp                       Summoning                    2
   d - Slow                           Hexes                        2
   e - Conjure Flame                  Conjuration/Fire             3
   f - Mephitic Cloud                 Conjuration/Poison/Air       3
Comestibles
 c - 12 rations
 u - 3 chunks of flesh


   Skills:
 + Level 5.4 Fighting
 - Level 6.0 Polearms
 + Level 3.3 Armour
 - Level 3.0 Dodging
 - Level 1.5 Stealth
 - Level 4.0 Shields


You had 6 spell levels left.
You didn't know any spells.

Dungeon Overview and Level Annotations

Branches:
Dungeon (5/15)
 Temple: D:4-7

Altars:
Cheibriados
Elyvilon
Hepliaklqana
Nemelex Xobeh
Ru
Uskayaw
Vehumet
Xom
Yredelemnul
The Shining One

Shops:
D:4 *


Innate Abilities, Weirdness & Mutations

You are partially covered in icy blue scales. (AC +2)
Your flesh is heat resistant. (rF+)
You evolve.


Message History

You block the steam dragon's attack.
You hit the steam dragon.
The steam dragon is severely wounded.
The fungus is engulfed in a cloud of scalding steam.
You hit the steam dragon.
The steam dragon is severely wounded.
The steam dragon closely misses you. x2
You hit the steam dragon but do no damage.
The steam dragon is severely wounded.
You hit the steam dragon.
The steam dragon is almost dead.
The steam dragon bites you!
* * * LOW HITPOINT WARNING * * *
The steam dragon closely misses you.
You hit the steam dragon but do no damage.
The steam dragon is almost dead.
You hit the steam dragon but do no damage.
The steam dragon is almost dead.
The steam dragon bites you!
You die...

##.....# #.#.^## ###
#(.....# #.#.≈# ...
#.#....# ###.P#
#.#.#..# #P..#
#####...#..# #^.P#
#......##..# #P.≈#
##.#..###..# #..≈# #
#....# #..# #..P# #
##...# #..# #@.≈# ##
#...# #.## #.≈D.P# ##.
####..###.### #≈.....#
#.. ......##....#
PP..=.PP# ###.#
.####.##....##≈^....P(#
##÷..# .#
#....)...###P....PP#
###..### .###.##....##
#P≈..P≈#####...##
###..#####.##
###P.≈##...#.### # #.##
#..### ####..#...######


You could see a steam dragon.

Vanquished Creatures
  Eustachio (D:5)
  A steam dragon (D:5)
  An ogre (D:4)
  A crimson imp (D:5)
  Crazy Yiuf (D:3)
  Jessica (D:3)
  3 worker ants (D:4)
  5 adders
  2 shadow imps (D:5)
  An ooze (D:3)
  An adder skeleton (D:2)
  3 worms
  2 dart slugs
  3 leopard geckos
  3 giant cockroaches
  7 goblins
  10 hobgoblins
  18 jackals
  2 quokkas
  6 bats
  4 frilled lizards
  A jackal skeleton (D:5)
  7 kobolds
  2 leopard gecko skeletons
  3 rats
89 creatures vanquished.

Notes
Turn   | Place    | Note
-------+----------+-------------------------------------------
     0 | D:1      | zishaf the Hill Orc Monk began the quest for the Orb.
     0 | D:1      | Reached XP level 1. HP: 19/19 MP: 1/1
   313 | D:1      | Reached XP level 2. HP: 15/26 MP: 2/2
   328 | D:1      | Reached skill level 4 in Polearms
   716 | D:1      | Reached XP level 3. HP: 22/31 MP: 3/3
  1205 | D:1      | Found a radiant altar of Vehumet.
  1207 | D:1      | Found a white marble altar of Elyvilon.
  1207 | D:1      | Found a sparkling altar of Nemelex Xobeh.
  1220 | D:1      | Reached skill level 5 in Polearms
  1227 | D:1      | Found a shimmering altar of Xom.
  1227 | D:1      | Found a white marble altar of Elyvilon.
  1227 | D:1      | Found a snail-covered altar of Cheibriados.
  1314 | D:2      | Reached XP level 4. HP: 31/40 MP: 4/4
  1845 | D:2      | Reached skill level 1 in Armour
  2157 | D:2      | Found a hide-covered altar of Uskayaw.
  2158 | D:2      | Found a basalt altar of Yredelemnul.
  2160 | D:2      | Found a glowing golden altar of the Shining One.
  2166 | D:2      | Found a shimmering altar of Xom.
  2438 | D:3      | Noticed Jessica
  2454 | D:3      | Killed Jessica
  2454 | D:3      | Reached skill level 1 in Shields
  2454 | D:3      | Reached XP level 5. HP: 39/46 MP: 5/5
  2815 | D:3      | Found a runed door.
  2819 | D:3      | Noticed Crazy Yiuf
  2837 | D:3      | Killed Crazy Yiuf
  3388 | D:4      | Found a hazy altar of Hepliaklqana.
  3435 | D:4      | Noticed an ogre
  3539 | D:3      | Gained mutation: You are partially covered in icy blue scales. (AC +2) [potion of mutation]
  3539 | D:3      | Gained mutation: Your flesh is heat resistant. (rF+) [potion of mutation]
  3539 | D:3      | Gained mutation: You evolve. [potion of mutation]
  3549 | D:4      | Killed an ogre
  3549 | D:4      | Reached skill level 6 in Polearms
  3549 | D:4      | Reached XP level 6. HP: 19/52 MP: 6/6
  3846 | D:4      | Found a white marble altar of Elyvilon.
  3848 | D:4      | Found a radiant altar of Vehumet.
  4474 | D:4      | Found a sacrificial altar of Ru.
  4576 | D:4      | Found Deesmuwu's Assorted Antiques.
  4593 | D:5      | Entered Level 5 of the Dungeon
  4903 | D:5      | Noticed Eustachio
  4922 | D:5      | Killed Eustachio
  4922 | D:5      | Reached XP level 7. HP: 52/60 MP: 7/7
  4967 | D:5      | Found the ring of Robustness {AC+8}
  5098 | D:5      | Noticed a steam dragon
  5099 | D:5      | Noticed a steam dragon
  5134 | D:5      | Killed a steam dragon
  5134 | D:5      | Reached skill level 5 in Fighting
  5157 | D:5      | HP: 1/61 [steam dragon (10)]
  5159 | D:5      | Mangled by a steam dragon

Skill      XL: |  1  2  3  4  5  6  7 |
---------------+----------------------+-----
Polearms       | 4 5 6 |  6.0
Armour         | 1 2 3 |  3.3
Fighting       | 4 5 |  5.4
Shields        | 1 2 4 |  4.0
Dodging        | 3 |  3.0
Stealth        | |  1.5

Action                   |  1- 3 |  4- 6 |  7- 9 || total
-------------------------+-------+-------+-------++-------
Melee: Spear             |   172 |   312 |    72 ||   556
  Use: Scroll            |       |     4 |       ||     4
       Potion            |       |     4 |     2 ||     6
 Stab: Sleeping          |     1 |     2 |       ||     3
  Eat: Chunk             |     1 |     8 |     1 ||    10
       Ration            |       |     1 |       ||     1
Armor: Robe              |    16 |       |       ||    16
       Leather armour    |    21 |    43 |       ||    64
       Ring mail         |       |     2 |    31 ||    33
Dodge: Dodged            |    95 |   109 |    46 ||   250
Block: Buckler           |       |    34 |    20 ||    54
